 Dungeon Crawl Stone Soup version 0.32-a0-814-g0968bab981 (webtiles) character file.

Game seed: 16348146085117441759

1493 Rohain the Slasher (level 8, -1/46 (61) HPs)
             Began as a Demonspawn Gladiator on Mar 23, 2024.
             Killed by divine providence
             ... invoked by Jeremiah
              (16 damage)
             ... on level 5 of the Dungeon.
             The game lasted 00:12:31 (7137 turns).

Rohain the Slasher (Demonspawn Gladiator)           Turns: 7137, Time: 00:12:32

HP:   -1/46 (61)    AC:  4    Str: 18    XL:     8   Next: 51%
MP:   21/21         EV: 13    Int: 11    God:
Gold: 274           SH:  0    Dex: 18    Spells: 11/13 levels left

rFire   . . .        a - +0 long sword
rCold   . . .        (no shield)
rNeg    . . .        b - +0 leather armour
rPois   .            c - +0 helmet
rElec   .            (no cloak)
rCorr   .            (no gloves)
SInv    +            (no boots)
Will    .....        (no amulet)
Stlth   +            o - ring of see invisible
HPRegen 0.27/turn    h - ring "Lulanino" {+Blink MP+9 Int+3 Dex+4 Stlth-}
MPRegen 0.34/turn

%: no passive effects
@: weak-willed, heavily drained
A: magic regeneration, sturdy frame 1, demonic touch 1
a: Evoke Blink


You were on level 5 of the Dungeon.
You visited 1 branch of the dungeon, and saw 6 of its levels.

You collected 274 gold pieces.

Inventory:

Hand Weapons
 a - a +0 long sword (weapon)
 v - a +0 scimitar
Missiles
 d - a throwing net (quivered)
 e - a javelin
Armour
 b - a +0 leather armour (worn)
 c - a +0 helmet (worn)
 k - a +0 ring mail
Jewellery
 h - the ring "Lulanino" (right hand) {+Blink MP+9 Int+3 Dex+4 Stlth-}
   (You acquired it on level 4 of the Dungeon)

   [ring of magical power]

   Int+3:     It affects your intelligence (+3).
   Dex+4:     It affects your dexterity (+4).
   MP+9:      It affects your magic capacity (+9).
   +Blink:    It lets you blink.
   Stlth-:    It makes you less stealthy.
 i - a ring of resist corrosion
 o - a ring of see invisible (left hand)
Wands
 t - a wand of roots (3)
 w - a wand of polymorph (10)
Scrolls
 g - a scroll of noise
 l - 2 scrolls of teleportation
 m - a scroll of revelation
 n - a scroll of vulnerability
 p - 2 scrolls of identify
Potions
 f - a potion of lignification
 j - a potion of mutation
 q - a potion of curing
 r - 2 potions of brilliance
 s - a potion of haste
 u - a potion of might


   Skills:
 + Level 4.5 Fighting
 * Level 5.9 Long Blades
 + Level 4.2 Throwing
 + Level 4.5 Dodging
 + Level 3.0 Spellcasting
 - Level 3.4 Hexes


You had 11 spell levels left.
You knew the following spells:

 Your Spells              Type           Power      Damage    Failure   Level
a - Jinxbite              Hex            18%        N/A       10%         2

Your spell library contained the following spells:

 Spells                   Type           Power      Damage    Failure   Level
 Sigil of Binding         Hex            9%         N/A       21%         3
 Apportation              Tloc           2%         N/A       26%         1
 Call Canine Familiar     Summ           1%         N/A       63%         3
 Hailstorm                Conj/Ice       1%         3d5       63%         3
 Summon Ice Beast         Ice/Summ       1%         N/A       63%         3
 Dimensional Bullseye     Hex/Tloc       2%         N/A       80%         4
 Alistair's Intoxication  Alch           0%         N/A       100%        5
 Permafrost Eruption      Ice/Erth       0%         2x4d2     100%        6
 Sculpt Simulacrum        Ice/Alch       0%         N/A       100%        6


Dungeon Overview and Level Annotations

Branches:
Dungeon (6/15)
 Temple: D:4-7

Altars:
Gozag
Okawaru
Ru
Wu Jian

Shops:
D:5 :

Annotations:
D:3 1 runed translucent door, Crazy Yiuf
D:4 3 runed translucent doors, GigaChad's ghost, amateur HuFi
D:5 Jeremiah
D:6 Pikel


Innate Abilities, Weirdness & Mutations

You regenerate magic rapidly.
Your movements are slightly less encumbered by armour. (ER -2)
Your touch may inflict minor irresistible damage on your foes.


Message History

There is a stone staircase leading up, spattered with blood here.
Casting: Jinxbite (safe; 10% risk of failure)
Confirm with . or Enter, or press ? or * to list all spells.
You beckon some vexing sprites to accompany your attacks.
You feel your willpower being sapped.
Jeremiah hits you with a +4 trident of draining.
You feel drained.
You barely miss Jeremiah.
You touch Jeremiah!
Jeremiah is moderately wounded.
Jeremiah hits you with a +4 trident of draining!
You feel drained.
Unknown command.
You closely miss Jeremiah.
Jeremiah is moderately wounded.
The butterfly disappears in a burst of colours!
Jeremiah hops!
The butterfly disappears in a burst of colours!
The butterfly disappears in a burst of colours!
Jeremiah closely misses you.
You closely miss the butterfly.
Jeremiah's eyes close briefly, then snap open.
Jeremiah hits you from afar with a +4 trident of draining!
You feel drained.
Jeremiah hits you with a +4 trident of draining!
You feel drained.
You miss Jeremiah.
Jeremiah is lightly wounded.
A giggling sprite leaps out and insults Jeremiah's ancestors.
Jeremiah is moderately wounded.
The jinxing sprites lose interest in you.
The butterfly disappears in a burst of colours!
Jeremiah hits you with a +4 trident of draining.
You feel drained.
You hit Jeremiah.
Jeremiah is moderately wounded.
The butterfly disappears in a burst of colours! x3
Jeremiah shouts, "O dreadful one, destroy my foe!"
Something smites you!
You die...
Jeremiah asks, "What happened?
Did... did you die?"

####.#######
#.....(######.#.#.
#.###########.......b...#.#b#.
#..................####.#.#b#.
####............#.....#.#.#b#.
#.#.....<#b.##.##.##.#.#F#.
#.#.######..##b##.##.#.#)#.
#.#.# #.b##b##.##.#.#.#. #.#.#
#b.##.b#....#.#.##
#.#.######@b###.######.#.#
#.#..bbb.bFbbb..#..#...#.#
#.###############..#.###.#
#...............>..#.# #.#
##########..######.#.# #.#
#.........#.# #.#
#.#########.# #.# #.#
#bbb....# #.# #.#
#F#########.#


You could see Jeremiah (drained).

Vanquished Creatures
  Sigmund (D:4)
  Eustachio (D:6)
  2 black bears
  2 ice beasts (D:6)
  2 lemures (D:6)
  2 kobold brigands (D:5)
  Blork the orc (D:4)
  A bullfrog (D:4)
  A bombardier beetle (D:5)
  A jelly (D:5)
  A hound (D:6)
  An orc priest (D:6)
  4 orc wizards
  Robin (D:4)
  16 gnolls
  4 adders
  A shadow imp (D:6)
  3 dart slugs
  3 ribbon worms
  8 orcs
  3 bats
  6 endoplasms
  4 giant cockroaches
  10 goblins
  16 hobgoblins
  42 kobolds
  3 quokkas (D:1)
  3 ball pythons
  4 frilled lizards
  4 rats (D:1)
151 creatures vanquished.

Notes
Turn   | Place    | Note
-------+----------+-------------------------------------------
     0 | D:1      | Rohain the Demonspawn Gladiator began the quest for the
                  | Orb.
     0 | D:1      | Reached XP level 1. HP: 16/16 MP: 1/1
   177 | D:1      | Gained mutation: Your touch may inflict minor irresistible
                  | damage on your foes. [demonic ancestry]
   177 | D:1      | Reached XP level 2. HP: 22/22 MP: 2/2
   199 | D:1      | Reached skill level 3 in Long Blades
   709 | D:2      | Gained mutation: Your movements are slightly less
                  | encumbered by armour. (ER -2) [demonic ancestry]
   709 | D:2      | Reached XP level 3. HP: 27/27 MP: 3/3
  1515 | D:3      | Learned a level 2 spell: Jinxbite
  1539 | D:3      | Found an opulent altar of Gozag.
  1724 | D:3      | Reached XP level 4. HP: 34/34 MP: 4/4
  2051 | D:3      | Found a runed translucent door.
  2052 | D:3      | Noticed Crazy Yiuf
  2220 | D:4      | Noticed GigaChad's ghost (amateur HuFi)
  2235 | D:4      | Noticed a black bear
  2249 | D:4      | Killed a black bear
  2250 | D:4      | Reached XP level 5. HP: 40/40 MP: 4/6
  2277 | D:4      | Reached skill level 4 in Long Blades
  2277 | D:4      | Reached skill level 1 in Spellcasting
  2277 | D:4      | Reached skill level 1 in Hexes
  2353 | D:4      | Noticed Blork the orc
  2446 | D:4      | Killed Blork the orc
  2447 | D:4      | Reached XP level 6. HP: 28/47 MP: 7/7
  2476 | D:4      | Noticed Sigmund
  2783 | D:4      | Found a runed translucent gate.
  2783 | D:4      | Found a runed translucent gate.
  2783 | D:4      | Found a runed translucent gate.
  2827 | D:4      | Killed Sigmund
  2912 | D:4      | Identified a scroll of acquirement
  2912 | D:4      | Acquired the ring "Lulanino" {+Blink MP+9 Int+3 Dex+4
                  | Stlth-}
  3144 | D:4      | Found an iron altar of Okawaru.
  3170 | D:4      | Found a sacrificial altar of Ru.
  3170 | D:4      | Noticed Robin
  3192 | D:4      | Killed Robin
  3295 | D:5      | Entered Level 5 of the Dungeon
  3336 | D:5      | Gained mutation: You regenerate magic rapidly. [demonic
                  | ancestry]
  3336 | D:5      | Reached XP level 7. HP: 45/52 MP: 9/9
  3673 | D:5      | Found Wenulumm's Self-Improvement Boutique.
  4502 | D:5      | Reached skill level 5 in Long Blades
  5327 | D:6      | Reached XP level 8. HP: 30/60 MP: 11/11
  5638 | D:6      | Noticed Eustachio
  5652 | D:6      | Killed Eustachio
  6086 | D:6      | Noticed Pikel
  6532 | D:6      | Found an ornate altar of the Wu Jian Council.
  6611 | D:6      | Noticed Jeremiah
  7137 | D:5      | Killed from afar by Jeremiah

Illustrated notes

Levels and vault maps discovered:
D:1:      sevenhm_arrival_forest_fort_small_1, layout_basic, minmay_heptomino_d4
D:2:      layout_basic
D:3:      layout_basic, mainiacjoe_overflow_six_doors_small,
          uniq_crazy_yiuf_cottage
D:4:      layout_rooms, mainiacjoe_overflow_big_doors,
          ebering_ghost_rock_garden, roderic_serpentine_path, uniq_robin,
          uniq_blork_the_orc, uniq_sigmund
D:5:      minmay_goblin_kobold_castle, layout_basic, nicolae_shop_self_help
D:6:      minmay_chambers_of_sixes, layout_basic, marbit_many_paths,
          small_statue_alley_b, uniq_pikel, uniq_eustachio, uniq_jeremiah

Skill      XL: |  1  2  3  4  5  6  7  8 |
---------------+-------------------------+-----
Throwing       | 2 3 4 |  4.2
Long Blades    | 3 4 5 |  5.9
Dodging        | 3 4 |  4.5
Fighting       | 3 4 |  4.5
Spellcasting   | 1 2 3 |  3.0
Hexes          | 1 2 3 |  3.4

Action                     |  1- 3 |  4- 6 |  7- 9 || total
---------------------------+-------+-------+-------++-------
  Melee: Long sword        |    96 |    84 |   245 ||   425
         Touch             |     8 |    14 |    46 ||    68
  Throw: Throwing net      |       |     3 |     4 ||     7
   Cast: Jinxbite          |       |       |    20 ||    20
    Use: Scroll            |     4 |     9 |     2 ||    15
         Potion            |       |     3 |       ||     3
   Stab: Sleeping          |     2 |     1 |       ||     3
 Armour: Leather armour    |    70 |    34 |   169 ||   273
  Dodge: Dodged            |    58 |    48 |   215 ||   321

Table legend: (Time is in decaauts)
 A = Elapsed time spent in this place.
 B = Non-inter-level travel time spent in this place.
 C = Inter-level travel time spent in this place.
 D = Time resting spent in this place.
 E = Time spent auto-exploring this place.
 F = Levels seen in this place.
 G = Mean time per level.
                   A        B        C        D        E       F      G
               +--------+--------+--------+--------+--------+-----+--------+
         Total |   7220 |   7074 |    146 |   1708 |   4022 |   6 | 1203.3 |
       Dungeon |   7220 |   7074 |    146 |   1708 |   4022 |   6 | 1203.3 |
               +--------+--------+--------+--------+--------+-----+--------+

Top non-repeatable levels by time:
     D:5: 2197 daAuts
     D:6: 1391 daAuts
     D:3: 1126 daAuts
     D:4: 1118 daAuts
     D:1: 719 daAuts
     D:2: 668 daAuts
